 Dungeon Crawl Stone Soup version 0.31-a0-986-g5e6e4ef867 (webtiles) character file.

Game seed: 1136149563950635940

128 Curundu the Cudgeller (level 4, 0/40 HPs)
             Began as a Draconian Berserker on Nov 13, 2023.
             Was a Believer of Trog.
             Slain by a gnoll
             ... wielding a +0 spear
              (8 damage)
             ... on level 3 of the Dungeon.
             The game lasted 00:12:44 (2467 turns).

Curundu the Cudgeller (Draconian Berserker)         Turns: 2467, Time: 00:12:44

Health: 0/40       AC:  5    Str: 20    XL:     4   Next: 87%
Magic:  4/4        EV: 13    Int:  7    God:    Trog [**....]
Gold:   114        SH:  0    Dex: 12    Spells: 3/3 levels left

rFire   . . .        v - +2 dagger (venom)
rCold   . . .        (no shield)
rNeg    . . .        (body armour unavailable)
rPois   .            (helmet restricted)
rElec   .            (no cloak)
rCorr   .            (no gloves)
SInv    .            (no boots)
Will    +....        (no amulet)
Stlth   ++           g - +4 ring of slaying
HPRegen 0.26/turn    (no ring)
MPRegen 0.09/turn

%: no passive effects
@: mighty, enlightened, flying
A: AC +5, unfitting armour, cold-blooded
a: Renounce Religion, Berserk, Trog's Hand


You were on level 3 of the Dungeon.
You worshipped Trog.
Trog was pleased with you.
You visited 1 branch of the dungeon, and saw 3 of its levels.

You collected 114 gold pieces.

Inventory:

Hand Weapons
 a - a +0 mace
 v - a +2 dagger of venom (weapon)
Jewellery
 d - a ring of positive energy
 g - a +4 ring of slaying (left hand)
 r - a ring of ice
Scrolls
 b - 2 scrolls of revelation {unknown}
 e - 2 scrolls of identify {unknown}
 h - a scroll of fear {unknown}
 i - a scroll of enchant armour {unknown}
 k - a scroll of butterflies {unknown}
 l - a scroll of torment {unknown}
 m - a scroll of amnesia {unknown}
 u - a scroll of teleportation {unknown}
Potions
 c - a potion of cancellation {unknown}
 j - a potion of lignification {unknown}
 n - 3 potions of curing {unknown}
 o - a potion of degeneration {unknown}
 p - a potion of invisibility {unknown}
 q - a potion of haste {unknown}
 t - 2 potions of heal wounds {unknown}


   Skills:
 + Level 4.1 Fighting
 + Level 4.2 Maces & Flails
 + Level 3.5 Dodging
 + Level 1.0 Stealth


You had 3 spell levels left.
You didn't know any spells.
Your spell library was empty.

Dungeon Overview and Level Annotations

Branches:
Dungeon (3/15)

Altars:


Innate Abilities, Weirdness & Mutations

Your plain brown scales are hard. (AC +5)
You cannot fit into any form of body armour.
You are cold-blooded and may be slowed by cold attacks.


Message History

The gnoll hits you with a +0 halberd!
A gnoll comes into view. It is wielding a +0 spear.
The gnoll barely misses you.
You closely miss the gnoll.
The gnoll is moderately wounded.
The gnoll closely misses you. The gnoll barely misses you.
You hit the gnoll.
The gnoll looks as sick as possible!
The gnoll is severely wounded.
The gnoll hits you with a +0 halberd! The gnoll barely misses you.
You hit the gnoll but do no damage.
The gnoll is almost dead.
You kill the gnoll!
Trog accepts your kill. The gnoll closely misses you.
The gnoll hits you from afar with a +0 spear.
* * * LOW HITPOINT WARNING * * *
The gnoll hits you with a +0 spear.
* * * LOW HITPOINT WARNING * * *
You see here a +0 halberd.
You hit the gnoll.
The gnoll is poisoned.
You tail-slap the gnoll.
The gnoll is heavily wounded.
The gnoll closely misses you. x2
You hit the gnoll.
The gnoll looks as sick as possible!
You punch the gnoll, but do no damage.
The gnoll is severely wounded.
You kill the gnoll!
Trog accepts your kill.
The gnoll hits you from afar with a +0 spear.
* * * LOW HITPOINT WARNING * * *
Your Stealth skill increases to level 1!
It was a potion of might.
You feel very mighty all of a sudden.
The gnoll hits you from afar with a +0 spear.
* * * LOW HITPOINT WARNING * * *
Unknown command.
It was a potion of enlightenment.
You feel very buoyant.
You fly up into the air.
The gnoll hits you from afar with a +0 spear!
You die...

#†# #.# ...
#.# ...
###.# .g.
+...#
..##J#
##..#
..##l#
#..###.##g#
#.).##.##)#
##..##.##@#
#...#.##.#
#...#.##.#
###......#
#.#....#
#.#>...#
#.######
#......#
#####..#


You could see 2 gnolls, an endoplasm and a frilled lizard.

Vanquished Creatures
  An orc priest (D:3)
  2 adders (D:2)
  2 gnolls (D:3)
  2 worms (D:2)
  A dart slug (D:1)
  2 orcs (D:3)
  8 bats
  5 endoplasms
  2 giant cockroaches (D:2)
  3 goblins (D:3)
  5 hobgoblins
  3 jackals (D:3)
  6 kobolds
  A quokka (D:2)
  2 ball pythons
  3 frilled lizards
  2 rats
50 creatures vanquished.

Notes
Turn   | Place    | Note
-------+----------+-------------------------------------------
     0 | D:1      | Curundu the Draconian Berserker began the quest for the
                  | Orb.
     0 | D:1      | Reached XP level 1. HP: 19/19 MP: 1/1
   611 | D:1      | Reached XP level 2. HP: 26/26 MP: 2/2
  1423 | D:2      | Reached XP level 3. HP: 33/33 MP: 3/3
  2227 | D:3      | Reached ** piety under Trog
  2259 | D:3      | Reached XP level 4. HP: 40/40 MP: 4/4
  2422 | D:3      | Found a faded altar of an unknown god.
  2466 | D:3      | Reached skill level 1 in Stealth
  2467 | D:3      | Slain by a gnoll

Illustrated notes

Levels and vault maps discovered:
D:1:      dpeg_arrival_rooms_b, layout_basic
D:2:      layout_loops_ring, kennysheep_generic_room_12
D:3:      layout_basic, amcnicky_altar_gilded, ebering_ghost_rock_garden,
          basic_ecumenical_altar, uniq_crazy_yiuf_cottage

Skill      XL: |  1  2  3  4 |
---------------+-------------+-----
Dodging        | 3 |  3.5
Fighting       | 4 |  4.1
Maces & Flails | 4 |  4.2
Stealth        | 1 |  1.0

Action                     |  1- 3 |  4- 6 || total
---------------------------+-------+-------++-------
  Melee: Mace              |    89 |    16 ||   105
         Tailslap          |     8 |     5 ||    13
         Punch             |     1 |     1 ||     2
         Dagger            |       |    12 ||    12
    Use: Potion            |       |     2 ||     2
   Stab: Sleeping          |     1 |       ||     1
 Armour: Skin              |    58 |    17 ||    75
  Dodge: Dodged            |    76 |    16 ||    92

Table legend: (Time is in decaauts)
 A = Elapsed time spent in this place.
 B = Non-inter-level travel time spent in this place.
 C = Inter-level travel time spent in this place.
 D = Time resting spent in this place.
 E = Time spent auto-exploring this place.
 F = Levels seen in this place.
 G = Mean time per level.
                   A        B        C        D        E       F      G
               +--------+--------+--------+--------+--------+-----+--------+
         Total |   2491 |   2491 |      0 |    200 |      0 |   3 |  830.3 |
       Dungeon |   2491 |   2491 |      0 |    200 |      0 |   3 |  830.3 |
               +--------+--------+--------+--------+--------+-----+--------+

Top non-repeatable levels by time:
     D:1: 1241 daAuts
     D:2: 925 daAuts
     D:3: 324 daAuts
